 Dungeon Crawl Stone Soup version 0.27-a0-1532-gca18f49f40 (webtiles) character file.

Game seed: 8093214351794784867

336 garrulousMonolith the Ducker (level 6, -2/47 HPs)
             Began as a Djinni Air Elementalist on July 12, 2021.
             Shot with an arrow by a centaur (6 damage)
             ... on level 4 of the Dungeon.
             The game lasted 00:04:06 (3930 turns).

garrulousMonolith the Ducker (DjAE)                 Turns: 3930, Time: 00:04:07

Health: -2/47      AC:  3    Str:  7    XL:     6   Next: 84%
Gold:   105        EV: 13    Int: 18    God:
                   SH:  0    Dex: 14

rFire    + + .     SeeInvis .   n - +1 whip (venom)
rCold    x . .     Faith    .   (no shield)
rNeg     . . .     Spirit   .   a - +0 robe
rPois    ∞         Reflect  .   (no helmet)
rElec    .         Harm     .   (no cloak)
rCorr    .         Rampage  .   k - +0 pair of gloves
Will     .....                  (boots unavailable)
Stlth    ++........             (no amulet)
HPRegen  0.15/turn              (no ring)
MPRegen  0.00/turn              (no ring)

@: flying
A: sickness immunity, fire resistance 2, cold vulnerability 1, float, innate
caster, hp casting, extra vitality 1
a: no special abilities


You were on level 4 of the Dungeon.
You visited 1 branch of the dungeon, and saw 4 of its levels.

You collected 131 gold pieces.
You spent 26 gold pieces at shops.

Inventory:

Hand Weapons
 n - a +1 whip of venom (weapon)
Missiles
 o - 2 javelins
Armour
 a - a +0 robe (worn)
 k - a +0 pair of gloves (worn)
Jewellery
 e - a +6 ring of intelligence
 q - a ring of wizardry
Scrolls
 b - a scroll of amnesia {unknown}
 c - a scroll of summoning {unknown}
 d - a scroll of enchant armour {unknown}
 g - 3 scrolls of identify
 h - a scroll of enchant weapon {unknown}
 i - a scroll of fear {unknown}
 m - a scroll of teleportation {unknown}
 r - a scroll of torment {unknown}
 s - a scroll of fog {unknown}
 u - a scroll of noise {unknown}
Potions
 f - a potion of ambrosia
 j - a potion of heal wounds
 l - a potion of magic {unknown}
 p - 2 potions of mutation {unknown}
 t - a potion of invisibility {unknown}


   Skills:
 * Level 3.7 Fighting
 + Level 3.8 Dodging
 - Level 2.0 Stealth
 * Level 3.8 Spellcasting


You couldn't memorise any spells.
You knew the following spells:

 Your Spells              Type           Power      Damage    Failure   Level
a - Shock                 Conj/Air       68%        1d7       3%          1
b - Airstrike             Air            8%         N/A       30%         4
c - Static Discharge      Conj/Air       17%        N/A       4%          2
d - Swiftness             Air            17%        N/A       10%         3
e - Beastly Appendage     Tmut           34%        N/A       3%          1
f - Searing Ray           Conj           34%        3d4       4%          2
Your spell library was empty.

Dungeon Overview and Level Annotations

Branches:
Dungeon (4/15)
 Temple: D:4-7

Altars:
Vehumet

Shops:
D:2 ?


Innate Abilities, Weirdness & Mutations

You are immune to sickness and miasma.
You are immune to poison.
Your flesh is very heat resistant. (rF++)
You are vulnerable to cold. (rC-)
You float through the air rather than walking.
You learn spells naturally, not from books.
Your magical power is your life essence.
You have superior vitality. (+4 HP)


Message History

Aim: a centaur, wielding a +0 shortbow and quivering arrows (moderately wounded, 83% to hit)
The zap hits the centaur.
The centaur is heavily wounded.
Casting: Shock (safe; 3% risk of failure)
Confirm with . or Enter, or press ? or * to list all spells.
Aiming: Shock (safe; 3% risk of failure)
Press: ? - help, Shift-Dir - straight line, f/p - centaur
Aim: a centaur, wielding a +0 shortbow and quivering arrows (heavily wounded, 83% to hit)
The zap hits the centaur.
The centaur is severely wounded.
The centaur shoots an arrow.
The arrow hits you.
The centaur shoots an arrow.
The arrow closely misses you.
Casting: Shock (safe; 3% risk of failure)
Confirm with . or Enter, or press ? or * to list all spells.
Aiming: Shock (safe; 3% risk of failure)
Press: ? - help, Shift-Dir - straight line, f/p - centaur
Aim: a centaur, wielding a +0 shortbow and quivering arrows (severely wounded, 83% to hit)
The zap hits the centaur but does no damage.
The centaur is severely wounded.
The centaur shoots an arrow.
The arrow barely misses you.
Casting: Shock (safe; 3% risk of failure)
Confirm with . or Enter, or press ? or * to list all spells.
Aiming: Shock (safe; 3% risk of failure)
Press: ? - help, Shift-Dir - straight line, f/p - centaur
Aim: a centaur, wielding a +0 shortbow and quivering arrows (severely wounded, 83% to hit)
The zap hits the centaur but does no damage.
The centaur is severely wounded.
The centaur shoots an arrow.
The arrow hits you!
The centaur shoots an arrow.
The arrow hits you!
* * * LOW HITPOINT WARNING * * *
Casting: Shock (safe; 3% risk of failure)
Confirm with . or Enter, or press ? or * to list all spells.
Aiming: Shock (safe; 3% risk of failure)
Press: ? - help, Shift-Dir - straight line, f/p - centaur
Aim: a centaur, wielding a +0 shortbow and quivering arrows (severely wounded, 83% to hit)
The zap hits the centaur.
The centaur is almost dead.
* * * LOW HITPOINT WARNING * * *
The centaur shoots an arrow.
The arrow hits you.
You die...

#..####^####.....#
#..#.......#.....#
#..#.......#.....#
#..#.......#.....#
##.^..._.........#
#.#.......#..####
#.#.......#..#
#....(.)#).#
#########@.#
...c.....#
.........#
##########


You could see a centaur.

Vanquished Creatures
  2 ogres (D:4)
  2 orc priests (D:4)
  A centaur skeleton (D:3)
  2 adders
  A worm (D:2)
  3 dart slugs (D:2)
  3 orcs (D:4)
  4 bats
  7 endoplasms
  3 giant cockroaches
  5 goblins
  3 hobgoblins
  4 jackals (D:1)
  6 ball pythons
  3 frilled lizards
  7 kobolds
  4 rats
60 creatures vanquished.

Notes
Turn   | Place    | Note
-------+----------+-------------------------------------------
     0 | D:1      | garrulousMonolith the Djinni Air Elementalist began the
                  | quest for the Orb.
     0 | D:1      | Reached XP level 1. HP: 15/15 MP: 0/0
     2 | D:1      | Noticed a human
     2 | D:1      | Noticed a demigod
     4 | D:1      | Noticed a ghoul
     4 | D:1      | Noticed an octopode
     6 | D:1      | Noticed a demonspawn
     8 | D:1      | Noticed a felid
     8 | D:1      | Noticed a naga
    10 | D:1      | Noticed a barachi
    10 | D:1      | Noticed a djinni
    12 | D:1      | Noticed a vine stalker
    14 | D:1      | Noticed a gargoyle
    14 | D:1      | Noticed a spriggan
    16 | D:1      | Noticed an ogre
    16 | D:1      | Noticed a draconian
    18 | D:1      | Noticed a formicid
    18 | D:1      | Noticed a tengu
    20 | D:1      | Noticed a vampire
    20 | D:1      | Noticed a minotaur
    22 | D:1      | Noticed a dwarf
    22 | D:1      | Noticed a troll
    24 | D:1      | Noticed an elf
    24 | D:1      | Noticed a merfolk
    26 | D:1      | Noticed a palentonga
   376 | D:1      | Reached XP level 2. HP: 17/22 MP: 0/0
   767 | D:1      | Reached skill level 1 in Fighting
  1045 | D:1      | Reached XP level 3. HP: 24/27 MP: 0/0
  1045 | D:1      | Learned a level 1 spell: Beastly Appendage
  2207 | D:2      | Found Iheikh's Magic Scroll Shop.
  2211 | D:2      | Bought a scroll of identify for 26 gold pieces
  2390 | D:3      | Reached XP level 4. HP: 32/33 MP: 0/0
  3084 | D:4      | Noticed an ogre
  3117 | D:4      | Noticed an ogre
  3126 | D:4      | Killed an ogre
  3127 | D:4      | Reached XP level 5. HP: 31/40 MP: 0/0
  3127 | D:4      | Learned a level 2 spell: Searing Ray
  3336 | D:4      | Reached XP level 6. HP: 43/46 MP: 0/0
  3586 | D:4      | Killed an ogre
  3930 | D:4      | Shot with an arrow by a centaur

Illustrated notes

Levels and vault maps discovered:
D:1:      kb_arrival_jail, layout_basic, minmay_liquid_box, hex_large
D:2:      layout_basic, serial_shops, shop
D:3:      layout_basic, hangedman_decor_points
D:4:      layout_rooms, lemuel_tele_altar, minmay_temple_entry_fiery,
          kennysheep_small_circle

Skill      XL: |  1  2  3  4  5 |
---------------+----------------+-----
Fighting       | 1 2 3 |  3.7
Stealth        | 2 |  2.0
Dodging        | 3 |  3.8
Spellcasting   | 3 |  3.8

Action                   |  1- 3 |  4- 6 || total
-------------------------+-------+-------++-------
Melee: Dagger            |     2 |       ||     2
       Whip              |       |     2 ||     2
 Cast: Shock             |    95 |    76 ||   171
       Static Discharge  |       |     7 ||     7
  Use: Scroll            |     2 |       ||     2
 Stab: Sleeping          |     1 |       ||     1
Armor: Robe              |       |     3 ||     3
Dodge: Dodged            |     8 |    22 ||    30

Table legend: (Time is in decaauts)
 A = Elapsed time spent in this place.
 B = Non-inter-level travel time spent in this place.
 C = Inter-level travel time spent in this place.
 D = Time resting spent in this place.
 E = Time spent auto-exploring this place.
 F = Levels seen in this place.
 G = Mean time per level.
                   A        B        C        D        E       F      G
               +--------+--------+--------+--------+--------+-----+--------+
         Total |   3929 |   3857 |     72 |    826 |   2682 |   4 |  982.2 |
       Dungeon |   3929 |   3857 |     72 |    826 |   2682 |   4 |  982.2 |
               +--------+--------+--------+--------+--------+-----+--------+

Top non-repeatable levels by time:
     D:1: 1244 daAuts
     D:2: 1068 daAuts
     D:4: 820 daAuts
     D:3: 796 daAuts
